 Dungeon Crawl Stone Soup version 0.27-a0-1378-gdefffd1ff6 (webtiles) character file.

Game seed: 10516903346140082652

30 bilbop the Caller (level 3, -1/20 HPs)
             Began as a Deep Elf Summoner on June 30, 2021.
             Slain by an adder (4 damage)
             ... on level 2 of the Dungeon.
             The game lasted 00:09:38 (1569 turns).

bilbop the Caller (Deep Elf Summoner)               Turns: 1569, Time: 00:09:39

Health: -1/20      AC:  2    Str:  5    XL:     3   Next: 5%
Magic:  6/9        EV: 13    Int: 20    God:
Gold:   35         SH:  0    Dex: 15    Spells: 7/8 levels left

rFire    . . .     SeeInvis .   a - +0 short sword
rCold    . . .     Faith    .   (no shield)
rNeg     . . .     Spirit   .   b - +0 robe
rPois    .         Reflect  .   (no helmet)
rElec    .         Harm     .   (no cloak)
rCorr    .         Rampage  .   (no gloves)
Will     .....                  (no boots)
Stlth    ++........             (no amulet)
HPRegen  0.06/turn              (no ring)
MPRegen  0.11/turn              (no ring)

@: lethally poisoned (-1 -> -6)
A: no striking features
a: no special abilities


You were on level 2 of the Dungeon.
You visited 1 branch of the dungeon, and saw 2 of its levels.

You collected 35 gold pieces.

Inventory:

Hand Weapons
 a - a +0 short sword (weapon)
 c - a +0 dagger
Armour
 b - a +0 robe (worn)
Scrolls
 d - a scroll of blinking {unknown}
 e - 2 scrolls of identify {unknown}
 g - a scroll of noise {unknown}
Potions
 f - a potion of lignification {unknown}
 h - a potion of haste {unknown}


   Skills:
 + Level 0.5 Fighting
 + Level 1.0 Short Blades
 + Level 2.8 Dodging
 + Level 3.0 Stealth
 + Level 3.2 Spellcasting
 + Level 4.5 Summonings


You had 7 spell levels left.
You knew the following spells:

 Your Spells              Type           Power      Damage    Failure   Level
a - Summon Small Mammal   Summ           84%        N/A       2%          1

Your spell library contained the following spells:

 Spells                   Type           Power      Damage    Failure   Level
 Call Imp                 Summ           21%        N/A       3%          2
 Call Canine Familiar     Summ           21%        N/A       6%          3
 Summon Guardian Golem    Hex/Summ       12%        N/A       16%         3
 Summon Ice Beast         Ice/Summ       12%        N/A       47%         4
 Summon Lightning Spire   Summ/Air       12%        N/A       47%         4


Dungeon Overview and Level Annotations

Branches:
Dungeon (2/15)

Altars:


Message History

The endoplasm quivers.
The helpless frilled lizard fails to defend itself.
You puncture the frilled lizard!
You kill the frilled lizard!
The endoplasm closely misses you.
You hit the endoplasm.
You kill the endoplasm!
Your Stealth skill increases to level 3!
You swap places.
You see here a frilled lizard corpse.
There is a stone staircase leading down here.
You now have 35 gold pieces (gained 11).
Your rat disappears in a puff of smoke!
An adder and a rat come into view.
The adder barely misses you. The adder bites you. The adder barely misses you.
Your rat misses the adder. The adder misses you.
Your quokka bites the adder.
The adder bites you.
Your rat bites the adder.
You closely miss the adder.
The adder is moderately wounded.
Your quokka completely misses the adder.
The adder bites you.
Your rat closely misses the adder.
You are too injured to fight recklessly!
You are too injured to fight recklessly!
You completely miss the adder.
The adder is moderately wounded.
The rat bites your quokka. The adder bites you.
You are lethally poisoned!
The adder poisons you!
Your quokka misses the adder.
Your quokka barely misses the adder.
Your rat bites the adder.
The rat barely misses your quokka.
You miss the adder.
The adder is heavily wounded.
* * * LOW HITPOINT WARNING * * *
You feel sick. The adder bites you.
* * * LOW HITPOINT WARNING * * *
Your quokka bites the adder.
Your quokka closely misses the adder.
Your rat barely misses the adder.
The adder bites you.
You die...

... . ..# . ## ...$# #..
#.#.# # .#
#..###r#.#.#.#.# #.##
#.....r.r....#.# #...
#...rS........ .### #@#
#.# #. #.# #.# #.#
###.###.#######.# ##.##
................# #...#
.........#####..###.>.##
#.###.#..# #...........
#....# #...###.#...
...##.# #...###....#
###. #.# #......>.#.#


You could see an adder (ally target), a rat, 2 friendly quokkas and a friendly
rat (summoned).

Vanquished Creatures
  2 bats (D:1)
  2 endoplasms
  A goblin (D:1)
  2 hobgoblins (D:1)
  A jackal (D:2)
  A quokka (D:1)
  2 frilled lizards (D:2)
  3 rats (D:1)
14 creatures vanquished.

Vanquished Creatures (collateral kills)
  2 ball pythons (D:1)
  A bat (D:2)
  An endoplasm (D:1)
  A giant cockroach (D:1)
  A goblin (D:1)
  3 hobgoblins
  6 jackals
  3 quokkas (D:1)
  3 frilled lizards
  3 kobolds
  A rat (D:1)
25 creatures vanquished.

Grand Total: 39 creatures vanquished

Notes
Turn   | Place    | Note
-------+----------+-------------------------------------------
     0 | D:1      | bilbop the Deep Elf Summoner began the quest for the Orb.
     0 | D:1      | Reached XP level 1. HP: 10/10 MP: 6/6
   358 | D:1      | Reached XP level 2. HP: 15/15 MP: 4/8
  1377 | D:2      | Reached skill level 1 in Short Blades
  1459 | D:2      | Reached XP level 3. HP: 20/20 MP: 7/9
  1569 | D:2      | Slain by an adder

Illustrated notes

Levels and vault maps discovered:
D:1:      dpeg_arrival_simpleton_b, layout_loops_ring,
          chequers_serial_rivers_micro_a, corexii_leaking_fountain
D:2:      layout_loops_ring, ebering_ecumenical_altar_ruins,
          kennysheep_generic_room_7

Skill      XL: |  1  2  3 |
---------------+----------+-----
Short Blades   | 1 |  1.0
Stealth        | 3 |  3.0
Fighting       | |  0.5
Dodging        | |  2.8
Spellcasting   | |  3.2
Summonings     | |  4.5

Action                   || total
-------------------------++-------
Melee: Short sword       ||    30
       Unarmed           ||     2
 Cast: Summon Small Mamm ||    50
 Stab: Sleeping          ||     4
Armor: Robe              ||    10
Dodge: Dodged            ||    39

Table legend: (Time is in decaauts)
 A = Elapsed time spent in this place.
 B = Non-inter-level travel time spent in this place.
 C = Inter-level travel time spent in this place.
 D = Time resting spent in this place.
 E = Time spent auto-exploring this place.
 F = Levels seen in this place.
 G = Mean time per level.
                   A        B        C        D        E       F      G
               +--------+--------+--------+--------+--------+-----+--------+
         Total |   1571 |   1552 |     19 |    164 |   1060 |   2 |  785.5 |
       Dungeon |   1571 |   1552 |     19 |    164 |   1060 |   2 |  785.5 |
               +--------+--------+--------+--------+--------+-----+--------+

Top non-repeatable levels by time:
     D:1: 1347 daAuts
     D:2: 223 daAuts
